TOP OF THE 1ST |
San Jose Missions batting - Pitching for Mile High Broncos : RHP Fernand Picard
|
Pitching: RHP Fernand Picard
|
|
Batting: RHB Goro Tanabe
|
0-0: Called Strike 0-1: Ball 1-1: Foul Ball, location: 2F 1-2: Ball 2-2: Strikes out swinging
|
Batting: LHB Mel Jones
|
0-0: Swinging Strike 0-1: Called Strike 0-2: Ground out 1-3 (Groundball, 13S)
|
Batting: RHB Ed Starr
|
0-0: Swinging Strike 0-1: Ball 1-1: Ball 2-1: Foul Ball, location: 2F 2-2: Ball 3-2: Base on Balls
|
Batting: LHB Miguel Montés
|
0-0: Called Strike 0-1: Foul Ball, location: 2F 0-2: Ball 1-2: Ball Wild Pitch! Ed Starr to second 2-2: Strikes out swinging
|
Top of the 1st over - 0 run(s), 0 hit(s), 0 error(s), 1 left on base; San Jose 0 - Mile High 0 |
BOTTOM OF THE 1ST |
Mile High Broncos batting - Pitching for San Jose Missions : RHP Danny Wheeler
|
Pitching: RHP Danny Wheeler
|
|
Batting: RHB Damian Yates
|
0-0: Ball 1-0: Called Strike 1-1: Ball 2-1: Called Strike 2-2: Ball 3-2: Base on Balls
|
Batting: RHB Phil White
|
0-0: Ball 1-0: Foul Ball, location: 2F 1-1: Ball 2-1: Ball 3-1: Foul Ball, location: 2F 3-2: Foul Ball, location: 2F 3-2: Foul Ball, location: 2F 3-2: Hit by Pitch Damian Yates to second
|
Batting: RHB José Herrera
|
0-0: Called Strike 0-1: Called Strike 0-2: Fielders Choice at 2nd, 5-4 (Groundball, 56) Damian Yates to third
|
Batting: RHB António Martínez
|
0-0: Ball 1-0: Foul Ball, location: 2F 1-1: Foul Ball, location: 2F 1-2: Strikes out swinging
|
Batting: RHB Juan Jose Guevana
|
0-0: Ball 1-0: Ball 2-0: Called Strike 2-1: Foul Ball, location: 2F 2-2: Foul Ball, location: 2F 2-2: Foul Ball, location: 2F 2-2: Foul Ball, location: 2F 2-2: Ball 3-2: Base on Balls José Herrera to second
|
Batting: RHB Jesús Espinoza
|
0-0: Foul Ball, location: 2F 0-1: Ball Balk! Damian Yates scores José Herrera to third Juan Jose Guevana to second 1-1: DOUBLE (Groundball, 5L) José Herrera scores Juan Jose Guevana scores
|
Batting: RHB Evan Robinson
|
0-0: Ball 1-0: Foul Ball, location: 2F 1-1: Swinging Strike 1-2: Foul Ball, location: 2F 1-2: Ball 2-2: Ball 3-2: Foul Ball, location: 2F 3-2: Fly out, F8 (Flyball, 8RM)
|
Bottom of the 1st over - 3 run(s), 1 hit(s), 0 error(s), 1 left on base; San Jose 0 - Mile High 3 |
TOP OF THE 2ND |
San Jose Missions batting - Pitching for Mile High Broncos : RHP Fernand Picard
|
Batting: LHB Raúl García
|
0-0: Ball 1-0: Ball 2-0: Ball 3-0: SINGLE (Groundball, 56D)
|
Batting: RHB Chang-geun Kim
|
0-0: Ball 1-0: Reached on error, E5 (Groundball, 5) Raúl García to second
|
Batting: RHB Mike Gordon
|
0-0: Swinging Strike 0-1: Ball 1-1: SINGLE (Groundball, 6MD) Raúl García to third Chang-geun Kim to second
|
Batting: LHB John Brady
|
0-0: Called Strike 0-1: Ball 1-1: SINGLE (Groundball, 34D) Raúl García scores Chang-geun Kim to third Mike Gordon to second Runner from 3rd tries for Home, SAFE, no throw or cutoff
|
Batting: LHB Wilson Vecino
|
0-0: Called Strike 0-1: Called Strike 0-2: Ball 1-2: Ball 2-2: Ball 3-2: Base on Balls Mike Gordon to third John Brady to second
|
Batting: RHB Goro Tanabe
|
0-0: Ball 1-0: Called Strike 1-1: SINGLE (Flyball, 7LS) Mike Gordon scores John Brady to third Wilson Vecino to second Runner from 3rd tries for Home, SAFE, no throw or cutoff
|
Batting: LHB Mel Jones
|
0-0: Called Strike 0-1: Foul Ball, location: 2F 0-2: Ball 1-2: Ball 2-2: Ball 3-2: Foul Ball, location: 2F 3-2: Foul Ball, location: 2F 3-2: Foul Ball, location: 2F 3-2: Base on Balls Wilson Vecino to third Goro Tanabe to second
|
Batting: RHB Ed Starr
|
0-0: Called Strike 0-1: Called Strike 0-2: Strikes out swinging
|
Batting: LHB Miguel Montés
|
0-0: Ball 1-0: Called Strike 1-1: SINGLE (Line Drive, 78S) Wilson Vecino scores Goro Tanabe to third Mel Jones to second
|
Batting: LHB Raúl García
|
0-0: Called Strike 0-1: SINGLE (Flyball, 7S) Goro Tanabe scores Mel Jones to third Miguel Montés to second Runner from 3rd tries for Home, SAFE, no throw or cutoff
|
Batting: RHB Chang-geun Kim
|
0-0: Ball 1-0: Ball 2-0: Ball 3-0: Called Strike 3-1: Foul Ball, location: 2F 3-2: Strikes out looking
|
Batting: RHB Mike Gordon
|
0-0: Foul Ball, location: 2F 0-1: Swinging Strike 0-2: Ball 1-2: Strikes out swinging
|
Top of the 2nd over - 7 run(s), 6 hit(s), 1 error(s), 2 left on base; San Jose 7 - Mile High 3 |
BOTTOM OF THE 2ND |
Mile High Broncos batting - Pitching for San Jose Missions : RHP Danny Wheeler
|
Batting: SHB Tom Stevens
|
0-0: Ball 1-0: Ball 2-0: Ball 3-0: Base on Balls
|
Batting: RHB Jung-ha Kim
|
0-0: Ball 1-0: Ball 2-0: Ball 3-0: Base on Balls Tom Stevens to second
|
Batting: RHB Damian Yates
|
0-0: Called Strike 0-1: Ground out U3 (Groundball, 3S) Tom Stevens to third Jung-ha Kim to second
|
Batting: RHB Phil White
|
0-0: Ball 1-0: Called Strike 1-1: Foul Ball, location: 2F 1-2: Ball 2-2: 3-RUN HOME RUN (Flyball, 78XD), Distance : 406 ft
|
Batting: RHB José Herrera
|
0-0: Ball 1-0: Foul Ball, location: 2F 1-1: Swinging Strike 1-2: SINGLE (Groundball, 56D)
|
Batting: RHB António Martínez
|
0-0: Ball 1-0: Called Strike 1-1: Ball 2-1: Foul Ball, location: 2F 2-2: Strikes out looking
|
Batting: RHB Juan Jose Guevana
|
0-0: Called Strike 0-1: Ball José Herrera steals 2nd base 1-1: Ball 2-1: Foul Ball, location: 2F 2-2: Ball 3-2: Foul Ball, location: 2F 3-2: Base on Balls
|
Batting: RHB Jesús Espinoza
|
0-0: Swinging Strike 0-1: Fly out, F6 (Popup, 6D)
|
Bottom of the 2nd over - 3 run(s), 2 hit(s), 0 error(s), 2 left on base; San Jose 7 - Mile High 6 |
TOP OF THE 3RD |
San Jose Missions batting - Pitching for Mile High Broncos : RHP Fernand Picard
|
Batting: LHB John Brady
|
0-0: Called Strike 0-1: Swinging Strike 0-2: Strikes out looking
|
Batting: LHB Wilson Vecino
|
0-0: Ball 1-0: Ground out 4-3 (Groundball, 4)
|
Batting: RHB Goro Tanabe
|
0-0: Ball 1-0: Called Strike 1-1: SINGLE (Line Drive, 56D)
|
Batting: LHB Mel Jones
|
0-0: Ball 1-0: Fly out, F8 (Flyball, 8RM)
|
Top of the 3rd over - 0 run(s), 1 hit(s), 0 error(s), 1 left on base; San Jose 7 - Mile High 6 |
BOTTOM OF THE 3RD |
Mile High Broncos batting - Pitching for San Jose Missions : RHP Danny Wheeler
|
Batting: RHB Evan Robinson
|
0-0: Foul Ball, location: 2F 0-1: Ball 1-1: Ball 2-1: Ball 3-1: Swinging Strike 3-2: Ground out 6-3 (Groundball, 6)
|
Batting: SHB Tom Stevens
|
0-0: Swinging Strike 0-1: Ball 1-1: Ball 2-1: Ball 3-1: Base on Balls
|
Batting: RHB Jung-ha Kim
|
0-0: Ball 1-0: Called Strike 1-1: Called Strike 1-2: Foul Ball, location: 2F 1-2: Ball 2-2: Grounds into double play, 5-4-3 (Groundball, 56)
|
Bottom of the 3rd over - 0 run(s), 0 hit(s), 0 error(s), 0 left on base; San Jose 7 - Mile High 6 |
TOP OF THE 4TH |
San Jose Missions batting - Pitching for Mile High Broncos : RHP Fernand Picard
|
Pitching: RHP Todd Clark
|
|
Batting: RHB Ed Starr
|
0-0: Ball 1-0: Called Strike 1-1: Ball 2-1: Ball 3-1: Called Strike 3-2: Foul Ball, location: 2F 3-2: Base on Balls
|
Batting: LHB Miguel Montés
|
0-0: SINGLE (Line Drive, 78S) Ed Starr to second
|
Batting: LHB Raúl García
|
0-0: Ball 1-0: Foul Ball, location: 2F 1-1: Foul Ball, location: 2F 1-2: Ground out U3 (Groundball, 3S) Ed Starr to third Miguel Montés to second
|
Batting: RHB Chang-geun Kim
|
0-0: Hit by Pitch
|
Batting: RHB Mike Gordon
|
0-0: Ball 1-0: Ball 2-0: Ball 3-0: Base on Balls Ed Starr scores Miguel Montés to third Chang-geun Kim to second
|
Batting: LHB John Brady
|
0-0: Called Strike 0-1: Ground out 4-3 (Groundball, 4M) Miguel Montés scores Chang-geun Kim to third Mike Gordon to second
|
Batting: LHB Wilson Vecino
|
0-0: Swinging Strike 0-1: Fly out, F7 (Flyball, 7S)
|
Top of the 4th over - 2 run(s), 1 hit(s), 0 error(s), 2 left on base; San Jose 9 - Mile High 6 |
BOTTOM OF THE 4TH |
Mile High Broncos batting - Pitching for San Jose Missions : RHP Danny Wheeler
|
Batting: RHB Damian Yates
|
0-0: Ground out 4-3 (Groundball, 4)
|
Batting: RHB Phil White
|
0-0: Ball 1-0: Ball 2-0: Ball 3-0: Base on Balls
|
Batting: RHB José Herrera
|
0-0: Called Strike 0-1: Ball 1-1: Called Strike 1-2: Fly out, F8 (Flyball, 8RD)
|
Pitching: RHP Anthony Jones
|
|
Batting: RHB António Martínez
|
0-0: Ball Phil White is caught stealing 2nd base
|
Bottom of the 4th over - 0 run(s), 0 hit(s), 0 error(s), 0 left on base; San Jose 9 - Mile High 6 |
TOP OF THE 5TH |
San Jose Missions batting - Pitching for Mile High Broncos : RHP Todd Clark
|
Batting: RHB Goro Tanabe
|
0-0: Ball 1-0: Ball 2-0: Ground out 6-3 (Groundball, 6)
|
Batting: LHB Mel Jones
|
0-0: Ball 1-0: Ball 2-0: Ball 3-0: Called Strike 3-1: Foul Ball, location: 2F 3-2: Foul Ball, location: 2F 3-2: Base on Balls
|
Batting: RHB Ed Starr
|
0-0: Ball 1-0: Ball 2-0: Ball 3-0: Called Strike 3-1: Foul Ball, location: 2F 3-2: Foul Ball, location: 2F 3-2: Foul Ball, location: 2F 3-2: Base on Balls Mel Jones to second
|
Batting: LHB Miguel Montés
|
0-0: Ball 1-0: Called Strike 1-1: Ball 2-1: Foul Ball, location: 2F 2-2: Ball 3-2: Strikes out swinging
|
Batting: LHB Raúl García
|
0-0: Ball 1-0: Ball 2-0: Ball 3-0: Base on Balls Mel Jones to third Ed Starr to second
|
Batting: RHB Chang-geun Kim
|
0-0: Ball 1-0: Ball 2-0: Ball 3-0: Base on Balls Mel Jones scores Ed Starr to third Raúl García to second
|
Pitching: LHP Mark Stewart
|
|
Batting: RHB Mike Gordon
|
0-0: Ball 1-0: SINGLE (Line Drive, 6M) Ed Starr scores Raúl García to third Chang-geun Kim to second
|
Batting: LHB John Brady
|
0-0: Ball 1-0: Foul Ball, location: 2F 1-1: Ball 2-1: Ground out 1-3 (Groundball, 23)
|
Top of the 5th over - 2 run(s), 1 hit(s), 0 error(s), 3 left on base; San Jose 11 - Mile High 6 |
BOTTOM OF THE 5TH |
Mile High Broncos batting - Pitching for San Jose Missions : RHP Anthony Jones
|
Batting: RHB António Martínez
|
0-0: Foul Ball, location: 2F 0-1: Ground out 4-3 (Groundball, 4)
|
Batting: RHB Juan Jose Guevana
|
0-0: Swinging Strike 0-1: Foul Ball, location: 2F 0-2: Foul Ball, location: 2F 0-2: Ball 1-2: Ground out 4-3 (Groundball, 34)
|
Batting: RHB Jesús Espinoza
|
0-0: Called Strike 0-1: Ball 1-1: Foul Ball, location: 2F 1-2: Foul Ball, location: 2F 1-2: Ball 2-2: SINGLE (Line Drive, 4MD)
|
Batting: RHB Evan Robinson
|
0-0: Reached on error, E5 (Groundball, 56) Jesús Espinoza to second
|
Batting: SHB Tom Stevens
|
0-0: Ball 1-0: Ball 2-0: Ground out 6-3 (Groundball, 6)
|
Bottom of the 5th over - 0 run(s), 1 hit(s), 1 error(s), 2 left on base; San Jose 11 - Mile High 6 |
TOP OF THE 6TH |
San Jose Missions batting - Pitching for Mile High Broncos : LHP Mark Stewart
|
Batting: LHB Wilson Vecino
|
0-0: Swinging Strike 0-1: Foul Ball, location: 2F 0-2: Ball 1-2: Ball 2-2: Ball 3-2: Fly out, F8 (Flyball, 8LXD)
|
Batting: RHB Goro Tanabe
|
0-0: Ball 1-0: Called Strike 1-1: Ball 2-1: Foul Ball, location: 2F 2-2: Foul Ball, location: 2F 2-2: Strikes out looking
|
Batting: LHB Mel Jones
|
0-0: Foul Ball, location: 2F 0-1: Ball 1-1: Ball 2-1: Ground out 6-3 (Groundball, 6)
|
Top of the 6th over - 0 run(s), 0 hit(s), 0 error(s), 0 left on base; San Jose 11 - Mile High 6 |
BOTTOM OF THE 6TH |
Mile High Broncos batting - Pitching for San Jose Missions : RHP Anthony Jones
|
Batting: RHB Jung-ha Kim
|
0-0: Ball 1-0: Ball 2-0: Ball 3-0: Foul Ball, location: 2F 3-1: Base on Balls
|
Batting: RHB Damian Yates
|
0-0: Ball 1-0: Ball 2-0: Foul Ball, location: 2F 2-1: Ball 3-1: Foul Ball, location: 2F 3-2: Foul Ball, location: 2F 3-2: Fielders Choice at 2nd, 3-6 (Groundball, 3)
|
Batting: RHB Phil White
|
0-0: Ball 1-0: Called Strike 1-1: Ball 2-1: Ball 3-1: SINGLE (Groundball, 4MD) Damian Yates to second Runner from 2nd tries for 3rd, SAFE, throw made to third
|
Pitching: RHP Gabriel Moore
|
|
Batting: RHB José Herrera
|
0-0: Ball 1-0: Swinging Strike 1-1: Fly out, F8 (Flyball, 8RD) Runner from 3rd tags up, SCORES, no throw
|
Batting: RHB António Martínez
|
0-0: Ball 1-0: Ball Phil White steals 2nd base 2-0: Ball 3-0: Called Strike 3-1: Base on Balls
|
Batting: RHB Juan Jose Guevana
|
0-0: Called Strike 0-1: Ball 1-1: Foul Ball, location: 2F 1-2: DOUBLE (Line Drive, 5L) Phil White scores António Martínez to third
|
Batting: RHB Jesús Espinoza
|
0-0: Fly out, F3 (Popup, 3L)
|
Bottom of the 6th over - 2 run(s), 2 hit(s), 0 error(s), 2 left on base; San Jose 11 - Mile High 8 |
TOP OF THE 7TH |
San Jose Missions batting - Pitching for Mile High Broncos : LHP Mark Stewart
|
Batting: RHB Ed Starr
|
0-0: Swinging Strike 0-1: SINGLE (Line Drive, 9LS)
|
Batting: LHB Miguel Montés
|
0-0: Ball 1-0: Called Strike 1-1: Ball 2-1: SINGLE (Flyball, 8RS) Ed Starr to second Runner from 2nd tries for 3rd, SAFE, throw made to third
|
Batting: LHB Raúl García
|
0-0: Called Strike 0-1: Called Strike 0-2: Strikes out swinging
|
Batting: RHB Chang-geun Kim
|
0-0: Ball 1-0: Called Strike 1-1: Ball 2-1: Fly out, F6 (Popup, 6MS)
|
Batting: RHB Mike Gordon
|
0-0: Ball 1-0: Fly out, F7 (Flyball, 78M)
|
Top of the 7th over - 0 run(s), 2 hit(s), 0 error(s), 2 left on base; San Jose 11 - Mile High 8 |
BOTTOM OF THE 7TH |
Mile High Broncos batting - Pitching for San Jose Missions : RHP Gabriel Moore
|
Batting: RHB Evan Robinson
|
0-0: Ball 1-0: Swinging Strike 1-1: Foul Ball, location: 2F 1-2: Ground out 1-3 (Groundball, 25)
|
Pitching: RHP Oliver Meléndez
|
|
Batting: SHB Tom Stevens
|
0-0: Ground out U3 (Groundball, 3L)
|
Batting: RHB Jung-ha Kim
|
0-0: Ball 1-0: Ball 2-0: Called Strike 2-1: Ball 3-1: Base on Balls
|
Batting: RHB Damian Yates
|
0-0: Ball 1-0: Ground out 4-3 (Groundball, 4)
|
Bottom of the 7th over - 0 run(s), 0 hit(s), 0 error(s), 1 left on base; San Jose 11 - Mile High 8 |
TOP OF THE 8TH |
San Jose Missions batting - Pitching for Mile High Broncos : LHP Mark Stewart
|
Batting: LHB John Brady
|
0-0: Ball 1-0: Fly out, F6 (Popup, 6D)
|
Batting: LHB Wilson Vecino
|
0-0: Foul Ball, location: 2F 0-1: Ground out U3 (Groundball, 3L)
|
Batting: RHB Goro Tanabe
|
0-0: Swinging Strike 0-1: Ball 1-1: Foul Ball, location: 2F 1-2: Strikes out swinging
|
Top of the 8th over - 0 run(s), 0 hit(s), 0 error(s), 0 left on base; San Jose 11 - Mile High 8 |
BOTTOM OF THE 8TH |
Mile High Broncos batting - Pitching for San Jose Missions : RHP Oliver Meléndez
|
Now at 1B: Jim Brown
|
|
Batting: RHB Phil White
|
0-0: Swinging Strike 0-1: Ball 1-1: Ball 2-1: Ball 3-1: Base on Balls
|
Batting: RHB José Herrera
|
0-0: Swinging Strike 0-1: Ball 1-1: Foul Ball, location: 2F 1-2: Ball 2-2: Strikes out swinging
|
Batting: RHB António Martínez
|
0-0: Foul Ball, location: 2F 0-1: Ball 1-1: Grounds into double play, 4-6-3 (Groundball, 34)
|
Bottom of the 8th over - 0 run(s), 0 hit(s), 0 error(s), 0 left on base; San Jose 11 - Mile High 8 |
TOP OF THE 9TH |
San Jose Missions batting - Pitching for Mile High Broncos : LHP Mark Stewart
|
Pitching: RHP Dave Powers
|
|
Batting: LHB Mel Jones
|
0-0: Called Strike 0-1: Called Strike 0-2: Strikes out swinging
|
Batting: RHB Ed Starr
|
0-0: Ground out 6-3 (Groundball, 6)
|
Batting: LHB Miguel Montés
|
0-0: Ball 1-0: Foul Ball, location: 2F 1-1: Foul Ball, location: 2F 1-2: Ground out 4-3 (Groundball, 4M)
|
Top of the 9th over - 0 run(s), 0 hit(s), 0 error(s), 0 left on base; San Jose 11 - Mile High 8 |
BOTTOM OF THE 9TH |
Mile High Broncos batting - Pitching for San Jose Missions : RHP Oliver Meléndez
|
Now at SS: Bobby Brewster
|
|
Batting: RHB Juan Jose Guevana
|
0-0: Ball 1-0: Fly out, F7 (Flyball, 7S)
|
Batting: RHB Jesús Espinoza
|
0-0: Ground out 4-3 (Groundball, 34)
|
Batting: RHB Evan Robinson
|
0-0: Called Strike 0-1: Foul Ball, location: 2F 0-2: Ball 1-2: Foul Ball, location: 2F 1-2: SINGLE (Line Drive, 56D)
|
Batting: SHB Tom Stevens
|
0-0: Called Strike 0-1: Swinging Strike 0-2: Ball 1-2: Ball 2-2: Foul Ball, location: 2F 2-2: Ball 3-2: DOUBLE (Line Drive, 7LS) Evan Robinson to third Evan Robinson scores
|
Batting: RHB Jung-ha Kim
|
0-0: Ball 1-0: Called Strike 1-1: Ball 2-1: Ball 3-1: SINGLE (Groundball, 56) Tom Stevens to third Runner from 3rd tries for Home, SAFE, no throw or cutoff
|
Batting: RHB Damian Yates
|
0-0: Called Strike 0-1: Ball 1-1: Ball 2-1: Ground out 5-3 (Groundball, 15S)
|
Bottom of the 9th over - 2 run(s), 3 hit(s), 0 error(s), 1 left on base; San Jose 11 - Mile High 10 |
|